Map: Cerulean Fall LE

Players

PtitDrogo - Winner!

  • Race: Protoss Protoss
  • Spawn Location: 1:00

Ethereal

  • Race: Zerg Zerg
  • Spawn Location: 7:00

Event: WCS Montreal 2018

VOD

Have the link to the VOD?

Description

Time

  • Played on: Sept. 7, 2018, 12:30 p.m.
  • Length: 6:42

All games in this series

Show
View Real Time Build Order
Export as new Build Order

PtitDrogo Protoss - Winner!

Build Orders: 1 Gate Expand, Oracle Opening, Phoenix Opening, Zealot Archon, Archon Drop 

Get SALT Encoding   

  12  0:01  Probe  
  13  0:13  Probe  
  14  0:20  Pylon  
  14  0:25  Probe  
  15  0:34  Probe  
  15  0:42  Probe  
  16  0:44  Gateway  
  16  0:48  Assimilator  
  17  0:52  Probe  
  18  1:04  Probe  
  19  1:16  Probe  
  20  1:24  Nexus  
  20  1:35  Cybernetics Core  
  20  1:39  Probe  
  21  1:46  Assimilator  
  21  1:52  Probe  
  22  1:55  Pylon  
  22  2:04  Adept, Probe  
  25  2:16  Probe  
  25  2:20  Stargate  
  26  2:28  Probe  
  27  2:30  Warp Gate  
  27  2:31  Adept  
  27  2:33  Probe  
  27  2:36  Probe  
  30  2:41  Probe  
  31  2:44  Probe  
  31  2:50  Probe  
  33  2:54  Probe  
  35  3:02  Probe  
  35  3:04  Phoenix  
  38  3:06  Probe  
  39  3:17  Probe  
  40  3:21  Probe  
  40  3:23  Pylon  
  41  3:29  Probe  
  41  3:30  Oracle  
  41  3:33  Probe  
  46  3:34  Assimilator  
  46  3:36  Assimilator  
  46  3:42  Probe  
  46  3:43  Robotics Facility  
  46  3:45  Probe  
  48  3:54  Probe, Twilight Council  
  49  3:57  Probe  
  50  4:06  Probe  
  50  4:08  Pylon  
  50  4:09  Probe  
  52  4:10  Charge  
  52  4:13  Gateway x2  
  52  4:14  Gateway  
  52  4:18  Probe  
  52  4:22  Probe  
  54  4:30  Warp Prism, Probe  
  57  4:38  Templar Archives  
  57  4:49  Zealot  
  57  4:51  Pylon  
  59  4:57  Gateway  
  59  4:58  Gateway  
  59  5:03  Gateway  
  59  5:04  Gateway  
  59  5:11  Pylon  
  59  5:22  Nexus  
  59  5:27  Pylon  
  59  5:30  High Templar x4  
  59  5:33  Probe x2  
  59  5:34  Archon x2  
  69  5:38  Pylon  
  69  5:47  Probe x2  
  69  5:48  Observer  
  72  6:01  Zealot x3  
  72  6:02  Zealot x5  
  86  6:17  Probe  
  86  6:19  Probe  
  86  6:29  Pylon x2  
  86  6:31  Pylon  
  86  6:36  Zealot x2  
Show
View Real Time Build Order
Export as new Build Order

Ethereal Zerg 

Build Orders: Hatch First 

Get SALT Encoding   

  12  0:05  Drone  
  13  0:24  Overlord  
  13  0:25  Drone  
  14  0:42  Drone x2  
  16  0:48  Drone  
  17  0:55  Hatchery  
  16  1:00  Drone  
  17  1:04  Extractor  
  17  1:08  Drone  
  17  1:19  Spawning Pool  
  17  1:23  Drone  
  17  1:28  Drone  
  19  1:40  Drone  
  19  1:50  Overlord  
  19  2:07  Queen x2  
  23  2:09  Zergling x2  
  23  2:12  Drone x2  
  26  2:15  Metabolic Boost  
  26  2:21  Drone  
  27  2:32  Drone x2  
  29  2:44  Hatchery  
  28  2:53  Zergling x2  
  28  2:54  Zergling x2  
  28  2:56  Queen  
  31  3:01  Drone x2  
  31  3:04  Drone  
  34  3:11  Drone  
  35  3:13  Spore Crawler  
  35  3:17  Drone x2  
  35  3:26  Overlord  
  36  3:32  Overlord  
  34  3:34  Evolution Chamber  
  34  3:39  Overlord  
  33  3:42  Spore Crawler  
  33  3:47  Spore Crawler  
  33  3:48  Drone x2  
  33  3:50  Drone  
  34  3:56  Drone x2  
  34  3:57  Drone  
  34  4:01  Drone  
  38  4:10  Zerg Melee Weapons Level 1  
  38  4:11  Drone x2  
  38  4:12  Drone  
  38  4:13  Extractor  
  40  4:17  Drone  
  40  4:18  Drone x2  
  40  4:21  Drone  
  44  4:26  Spore Crawler  
  43  4:31  Drone  
  43  4:35  Spore Crawler  
  41  4:41  Drone x3  
  41  4:43  Extractor, Drone  
  41  4:44  Drone x2  
  48  4:54  Zergling x4  
  48  4:56  Overlord x2  
  48  4:57  Overlord  
  50  5:03  Overlord x2  
  50  5:13  Lair  
  50  5:14  Queen  
  50  5:16  Drone x3  
  54  5:22  Zergling x8  
  54  5:23  Zergling x2  
  59  5:30  Zergling x10  
  63  5:36  Zergling x2  
  63  5:37  Zergling x6  
  67  5:43  Drone x3  
  70  5:52  Drone  
  70  5:53  Drone  
  72  6:02  Drone x5  
  75  6:06  Zergling x6  
  75  6:08  Zergling x2  
  75  6:09  Zergling x2  
  71  6:19  Zergling x6  
  71  6:23  Zergling x2  
Tags
 
Add a new tag
Caveats
  • Supply blocks, unpowered buildings, or Contaminate may cause inaccurate times.
  • Supply counts are checked every 10 seconds.